 Dungeon Crawl Stone Soup version 0.28-a0-1382-g92835e5c71 (webtiles) character file.

Game seed: 10351476028019834611

42 Deminshera the Shield-Bearer (level 3, -1/20 HPs)
             Began as a Vine Stalker Fighter on Jan 1, 2022.
             Slain by Sigmund (2 damage)
             ... on level 2 of the Dungeon.
             The game lasted 00:01:27 (2099 turns).

Deminshera the Shield-Bearer (Vine Stalker Fighter) Turns: 2099, Time: 00:01:28

Health: -1/20      AC:  5    Str: 20    XL:     3   Next: 56%
Magic:  0/4        EV: 10    Int:  8    God:
Gold:   94         SH:  4    Dex: 13    Spells: 2/2 levels left

rFire   . . .      SeeInvis .   a - +0 rapier
rCold   . . .      Faith    .   c - +0 buckler
rNeg    . . .      Spirit   +   h - +0 ring mail
rPois   .          Reflect  .   (no helmet)
rElec   .          Harm     .   (no cloak)
rCorr   .          Rampage  .   (no gloves)
Will    .....                   (no boots)
Stlth   +.........              (no amulet)
HPRegen 0.06/turn               (no ring)
MPRegen 0.09/turn               (no ring)

@: no status effects
A: fangs 2, magic shield, antimagic bite, no potion heal 2
a: no special abilities


You were on level 2 of the Dungeon.
You visited 1 branch of the dungeon, and saw 2 of its levels.

You collected 94 gold pieces.

Inventory:

Hand Weapons
 a - a +0 rapier (weapon)
Armour
 c - a +0 buckler (worn)
 h - a +0 ring mail (worn)
Scrolls
 b - a scroll of identify {unknown}
 f - 2 scrolls of teleportation {unknown}
Potions
 d - a potion of might
 e - a potion of heal wounds {unknown}
 g - a potion of degeneration {unknown}


   Skills:
 + Level 3.1 Fighting
 + Level 2.2 Short Blades
 - Level 2.4 Armour
 + Level 1.9 Stealth
 + Level 3.1 Shields


You had 2 spell levels left.
You didn't know any spells.
Your spell library contained the following spells:

 Spells                   Type           Power      Damage    Failure   Level
 Fireball                 Conj/Fire      0%         3d3       100%        5
 Iskenderun's Battlesphe  Conj           0%         2d6       100%        5
 Conjure Ball Lightning   Conj/Air       0%         3x3d6     100%        6
 Orb of Destruction       Conj           0%         N/A       100%        7


Dungeon Overview and Level Annotations

Branches:
Dungeon (2/15)

Altars:

Shops:
D:2 ((!?

Annotations:
D:2 1 runed translucent door, Crazy Yiuf, Sigmund


Innate Abilities, Weirdness & Mutations

You have extremely sharp teeth.
When hurt, damage is shared between your health and your magic reserves.
Your bite disrupts and absorbs the magic of your enemies.
Potions cannot restore your health.


Message History

The hobgoblin hits you.
You puncture the hobgoblin!
You kill the hobgoblin!
The ball python barely misses you. x2
You barely miss the ball python. Sigmund barely misses you.
You block the ball python's attack. The ball python closely misses you.
You hit the ball python.
You kill the ball python!
Sigmund hits you from afar with a +1 vorpal scythe.
You see here a hobgoblin corpse.
You hit Sigmund. Your bite misses Sigmund.
Sigmund is lightly wounded.
Sigmund hits you with a +1 vorpal scythe!
* * * LOW HITPOINT WARNING * * *
You are too injured to fight recklessly!
You are too injured to fight recklessly!
You are too injured to fight recklessly!
You are too injured to fight recklessly!
You are too injured to fight recklessly!
You are too injured to fight recklessly!
You are too injured to fight recklessly!
You are too injured to fight recklessly!
You are too injured to fight recklessly!
You are too injured to fight recklessly!
You are too injured to fight recklessly!
You hit Sigmund but do no damage. Your bite misses Sigmund.
Sigmund is lightly wounded.
You block Sigmund's attack.
You hit Sigmund. Your bite misses Sigmund.
Sigmund is lightly wounded.
Sigmund hits you but does no damage.
You hit Sigmund. You bite Sigmund.
Sigmund's magic leaks into the air.
You drain his magic.
You feel invigorated.
Sigmund is moderately wounded.
You hit Sigmund but do no damage. You bite Sigmund.
Sigmund's magic leaks into the air.
You drain his magic.
You feel invigorated.
Sigmund is heavily wounded.
Sigmund hits you with a +1 vorpal scythe!
* * * LOW HITPOINT WARNING * * *
You die...

####.# #.....#....#
#..#'#################
#............#
#.#.....####.#
#.'.....# #.# ####
###....<####.# ##...#.
#.##'#...#.# .∩.∩...
#.##.#.#.#.###....##.
#.##.#.#.#...@@∩.∩...
#.##.#.#.#####..#.##.
#.##.#.#.. .#..#
#.##.#.#####. ..#
#.##.#....#.. .#.
#.##.####.#.# .### ###
#.#.#... ...
#.#.#.#### ###
#.........


You could see Sigmund (magic disrupted).

Vanquished Creatures
  3 endoplasms
  5 giant cockroaches
  5 goblins
  2 hobgoblins (D:2)
  2 kobolds
  A quokka (D:1)
  2 ball pythons (D:2)
  10 bats
  4 frilled lizards
  4 rats (D:1)
38 creatures vanquished.

Notes
Turn   | Place    | Note
-------+----------+-------------------------------------------
     0 | D:1      | Deminshera the Vine Stalker Fighter began the quest for the
                  | Orb.
     0 | D:1      | Reached XP level 1. HP: 11/11 MP: 2/2
   337 | D:1      | Reached XP level 2. HP: 16/16 MP: 3/3
   350 | D:1      | Reached skill level 1 in Stealth
   475 | D:1      | Found a faded altar of an unknown god.
  1267 | D:2      | Reached XP level 3. HP: 19/20 MP: 4/4
  1393 | D:2      | Found a runed translucent door.
  1394 | D:2      | Noticed Crazy Yiuf
  1482 | D:2      | Found Jianeitean's Distillery.
  1532 | D:2      | Found Guogyegu's Antique Weapon Shop.
  1945 | D:2      | Found Yckex's Weapon Boutique.
  2086 | D:2      | Found Yckeg's Magic Scroll Shoppe.
  2090 | D:2      | Noticed Sigmund
  2099 | D:2      | HP: 1/20 [Sigmund (4)]
  2099 | D:2      | Slain by Sigmund

Illustrated notes

Levels and vault maps discovered:
D:1:      dpeg_arrival_arbitrary_c, layout_basic, serial_co_window_serial,
          co_window_corner_a, co_window_of_opportunity_a,
          co_window_of_opportunity_a, co_window_paths_b, co_window_corner_a,
          co_window_paths_a, co_window_corner_a, co_window_broadway_a,
          co_window_corner_b, co_window_of_opportunity_c, co_window_broadway_b,
          co_window_corner_cb, co_window_paths_d,
          shapermc_ecumenical_altar_mp_highgroup
D:2:      minmay_angry_zag, layout_basic, serial_shops, shop,
          nicolae_shop_crystal, nicolae_shop_bloodbath_and_beyond,
          nicolae_shop_competitors_out_of_business, uniq_crazy_yiuf_cottage,
          uniq_sigmund

Skill      XL: |  1  2 |
---------------+-------+-----
Short Blades   | 2 |  2.2
Stealth        | 1 |  1.9
Fighting       | 3 |  3.1
Shields        | 3 |  3.1
Armour         | |  2.4

Action                   || total
-------------------------++-------
Melee: Rapier            ||    84
       Bite              ||    20
Armor: Scale mail        ||    21
       Ring mail         ||    16
Dodge: Dodged            ||    38
Block: Buckler           ||    28

Table legend: (Time is in decaauts)
 A = Elapsed time spent in this place.
 B = Non-inter-level travel time spent in this place.
 C = Inter-level travel time spent in this place.
 D = Time resting spent in this place.
 E = Time spent auto-exploring this place.
 F = Levels seen in this place.
 G = Mean time per level.
                   A        B        C        D        E       F      G
               +--------+--------+--------+--------+--------+-----+--------+
         Total |   2108 |   2078 |     30 |      0 |   1851 |   2 | 1054.0 |
       Dungeon |   2108 |   2078 |     30 |      0 |   1851 |   2 | 1054.0 |
               +--------+--------+--------+--------+--------+-----+--------+

Top non-repeatable levels by time:
     D:1: 1222 daAuts
     D:2: 885 daAuts
